 Seeded DCSS version 0.30-a0-137-gd8773701ce (webtiles) character file.

Game seed: 10898707918651901846 (custom seed)

343 gzilladon the Slasher (level 6, -3/55 HPs)
             Began as a Minotaur Berserker on Apr 1, 2022.
             Was a Priest of Trog.
             Slain by a gnoll
             ... wielding a +0 halberd
              (8 damage)
             ... on level 4 of the Dungeon on Sept 28, 2022.
             The game lasted 00:14:50 (3847 turns).

gzilladon the Slasher (Minotaur Berserker)          Turns: 3847, Time: 00:14:50

Health: -3/55      AC: 10    Str: 24    XL:     6   Next: 31%
Magic:  5/5        EV:  9    Int:  4    God:    Trog [***...]
Gold:   256        SH:  0    Dex: 15    Spells: 5/5 levels left

rFire   + . .      SeeInvis .    e - +0 great sword
rCold   . . .      Faith    +    (shield currently unavailable)
rNeg    . . .      Spirit   .    j - +0 chain mail
rPois   .          Reflect  .    (helmet restricted)
rElec   .          Harm     .    (no cloak)
rCorr   .          Rampage  .    k - +0 pair of gloves
Will    .....                    (no boots)
Stlth   ..........               t - amulet of faith
HPRegen 0.18/turn                g - +6 ring of dexterity
MPRegen 0.09/turn                m - ring of protection from fire

@: no status effects
A: horns 2, retaliatory headbutt
a: Renounce Religion, Berserk, Trog's Hand


You were on level 4 of the Dungeon.
You worshipped Trog.
Trog was most pleased with you.
You visited 1 branch of the dungeon, and saw 4 of its levels.

You collected 256 gold pieces.

Inventory:

Hand Weapons
 a - a +0 falchion
 e - a +0 great sword (weapon)
Missiles
 l - 63 stones (quivered)
Armour
 b - a +0 animal skin
 j - a +0 chain mail (worn)
 k - a +0 pair of gloves (worn)
 v - a +0 pair of gloves
 x - a +0 helmet
Jewellery
 g - a +6 ring of dexterity (left hand)
 m - a ring of protection from fire (right hand)
 t - an amulet of faith (around neck)
Scrolls
 c - 2 scrolls of identify {unknown}
 d - 3 scrolls of teleportation {unknown}
 h - a scroll of noise {unknown}
 i - a scroll of vulnerability {unknown}
 n - a scroll of enchant weapon {unknown}
 q - a scroll of torment {unknown}
 s - a scroll of immolation {unknown}
Potions
 f - a potion of mutation {unknown}
 o - a potion of attraction {unknown}
 p - 2 potions of might {unknown}
 r - a potion of heal wounds {unknown}
 u - a potion of flight {unknown}
 w - a potion of berserk rage {unknown}


   Skills:
 + Level 4.8 Fighting
 * Level 7.1 Long Blades
 + Level 3.8 Armour
 + Level 2.7 Dodging
 + Level 0.2 Stealth


You had 5 spell levels left.
You didn't know any spells.
Your spell library contained the following spells:

 Spells                   Type           Power      Damage    Failure   Level
 Beastly Appendage        Tmut           0%         N/A       99%         1
 Freeze                   Ice            0%         1d3       99%         1
 Wereblood                Tmut           0%         N/A       99%         2
 Frozen Ramparts          Ice            0%         1d1       100%        3
 Spider Form              Tmut/Pois      0%         N/A       100%        3
 Hailstorm                Conj/Ice       0%         3d3       100%        4


Dungeon Overview and Level Annotations

Branches:
Dungeon (4/15)
 Temple: D:4-7

Altars:
Hepliaklqana
Yredelemnul
Zin
The Shining One


Innate Abilities, Weirdness & Mutations

You have a pair of horns on your head.
You reflexively headbutt those who attack you in melee.


Message History

You feel sick.
The gnoll shouts!
You hear a shout!
You feel sick.
You are no longer poisoned.
The gnoll hits you with a +0 whip.
You closely miss the gnoll. The gnoll hits you with a +0 whip!
The gnoll hits you but does no damage.
You closely miss the gnoll. The gnoll hits you with a +0 whip.
You closely miss the gnoll. You headbutt the gnoll.
The gnoll is moderately wounded.
The gnoll hits you with a +0 whip.
* * * LOW HITPOINT WARNING * * *
You slash the gnoll!
You kill the gnoll!
Trog accepts your kill.
A gnoll comes into view. It is wielding a +0 halberd.
You see here a +0 whip.
The gnoll shouts!
You hear a shout!
The gnoll barely misses you.
A gnoll comes into view. It is wielding a +0 flail.
The gnoll closely misses you.
An orc comes into view.
It is wielding a +0 club and wearing a +0 leather armour of fire resistance.
The orc shouts!
The gnoll hits you but does no damage. The gnoll hits you with a +0 halberd.
* * * LOW HITPOINT WARNING * * *
The orc moves out of view.
You barely miss the gnoll. The gnoll closely misses you.
The gnoll hits you with a +0 halberd.
* * * LOW HITPOINT WARNING * * *
You slice the gnoll!!
You kill the gnoll!
Trog accepts your kill. The gnoll hits you but does no damage.
The orc barely misses you. You furiously retaliate!
You headbutt the orc!
You kill the orc!
Trog accepts your kill.
You closely miss the gnoll. The gnoll hits you with a +0 halberd!
Bones file is buggy: /crawl-master/crawl-git/saves/bones/bones.store.D-4 Clearing bad bones file: /crawl-master/crawl-git/saves/bones/bones.store.D-4 You die...

..... .... #.# ...
#.# .. # #.# . .#
#.# ### #
#.#######.# #.#
##.####
#.....))..# #.#
##......
#@#####.###.#.#.##
#.g.)....)....##..
#######.)).)......
######.#.### ##.##
# .... . #####


You could see a gnoll.

Vanquished Creatures
  A necrophage (D:3)
  An orc priest (D:4)
  Natasha (thrice) (D:2)
  2 orc wizards (D:3)
  2 gnolls (D:4)
  3 adders
  A worm (D:3)
  A dart slug (D:2)
  13 orcs
  3 endoplasms
  2 giant cockroaches
  4 goblins
  9 hobgoblins
  2 quokkas
  3 ball pythons
  6 bats
  3 frilled lizards (D:2)
  7 kobolds
  2 rats
68 creatures vanquished.

Notes
Turn   | Place    | Note
-------+----------+-------------------------------------------
     0 | D:1      | gzilladon the Minotaur Berserker began the quest for the
                  | Orb.
     0 | D:1      | Reached XP level 1. HP: 19/19 MP: 0/0
   224 | D:1      | Reached XP level 2. HP: 18/27 MP: 1/1
   608 | D:1      | Reached skill level 4 in Long Blades
   974 | D:2      | Found a glowing silver altar of Zin.
  1049 | D:2      | Reached XP level 3. HP: 34/34 MP: 2/2
  2048 | D:2      | Noticed Natasha
  2057 | D:2      | Killed Natasha
  2058 | D:2      | Reached XP level 4. HP: 34/41 MP: 3/3
  2164 | D:2      | Noticed Natasha
  2171 | D:2      | Killed Natasha
  2171 | D:2      | Reached ** piety under Trog
  2172 | D:2      | Reached skill level 5 in Long Blades
  2268 | D:2      | Noticed Natasha
  2277 | D:2      | Killed Natasha
  2385 | D:3      | Reached XP level 5. HP: 43/47 MP: 4/4
  2431 | D:3      | Found a glowing golden altar of the Shining One.
  2498 | D:3      | Found a basalt altar of Yredelemnul.
  2516 | D:3      | Upgraded the game from 0.29-a0-284-gf9362112df to
                  | 0.29-a0-321-gf1c400731a
  2532 | D:3      | Upgraded the game from 0.29-a0-321-gf1c400731a to
                  | 0.30-a0-137-gd8773701ce
  2727 | D:3      | Found a hazy altar of Hepliaklqana.
  2784 | D:3      | Reached skill level 6 in Long Blades
  3496 | D:4      | Reached skill level 7 in Long Blades
  3496 | D:4      | Reached XP level 6. HP: 31/53 MP: 5/5
  3823 | D:4      | Reached *** piety under Trog
  3847 | D:4      | Slain by a gnoll

Illustrated notes

Levels and vault maps discovered:
D:1:      dpeg_arrival_stonehenge_12_columns, layout_basic
D:2:      layout_basic, basic_altar, uniq_natasha
D:3:      layout_basic, yredelemnul_altar_generic, mainiacjoe_overflow_paths,
          nzn_hepliaklqana_mist_gate, kennysheep_generic_room_16
D:4:      layout_loops_ring, zin_treasury, nicolae_shop_self_help

Skill      XL: |  1  2  3  4  5 |
---------------+----------------+-----
Long Blades    | 4 5 7 |  7.1
Fighting       | 4 |  4.8
Armour         | 3 |  3.8
Dodging        | |  2.7
Stealth        | |  0.2

Action                   |  1- 3 |  4- 6 || total
-------------------------+-------+-------++-------
Melee: Great sword       |    60 |    85 ||   145
       Falchion          |     2 |       ||     2
       Headbutt          |     9 |    13 ||    22
Armor: Animal skin       |     8 |       ||     8
       Chain mail        |    33 |    56 ||    89
Dodge: Dodged            |    52 |    36 ||    88

Table legend: (Time is in decaauts)
 A = Elapsed time spent in this place.
 B = Non-inter-level travel time spent in this place.
 C = Inter-level travel time spent in this place.
 D = Time resting spent in this place.
 E = Time spent auto-exploring this place.
 F = Levels seen in this place.
 G = Mean time per level.
                   A        B        C        D        E       F      G
               +--------+--------+--------+--------+--------+-----+--------+
         Total |   3915 |   3483 |    432 |    684 |      0 |   4 |  978.8 |
       Dungeon |   3915 |   3483 |    432 |    684 |      0 |   4 |  978.8 |
               +--------+--------+--------+--------+--------+-----+--------+

Top non-repeatable levels by time:
     D:2: 1536 daAuts
     D:3: 1202 daAuts
     D:1: 793 daAuts
     D:4: 383 daAuts
